 Dungeon Crawl Stone Soup version 0.28.0-53-g5a82cb258f (webtiles) character file.

Game seed: 13823256064588950246

203 H0rd4k the Charlatan (level 6, 0/46 HPs)
             Began as a Human Artificer on June 21, 2022.
             Slain by a gnoll
             ... wielding a +0 flail
              (9 damage)
             ... on level 3 of the Dungeon.
             The game lasted 00:04:27 (5412 turns).

H0rd4k the Charlatan (Human Artificer)              Turns: 5412, Time: 00:04:27

Health: 0/46       AC:  3    Str: 12    XL:     6   Next: 8%
Magic:  6/6        EV: 12    Int: 13    God:
Gold:   100        SH:  0    Dex: 14    Spells: 5/5 levels left

rFire   . . .      SeeInvis .   a - +0 club
rCold   . . .      Faith    .   (no shield)
rNeg    . . .      Spirit   .   b - +0 leather armour
rPois   .          Reflect  .   (no helmet)
rElec   .          Harm     .   (no cloak)
rCorr   .          Rampage  .   (no gloves)
Will    .....                   (no boots)
Stlth   +.........              (no amulet)
HPRegen 0.15/turn               (no ring)
MPRegen 0.10/turn               (no ring)

@: no status effects
A: no striking features
a: no special abilities


You were on level 3 of the Dungeon.
You visited 1 branch of the dungeon, and saw 3 of its levels.

You collected 100 gold pieces.

Inventory:

Hand Weapons
 a - a +0 club (weapon)
Armour
 b - a +0 leather armour (worn)
Wands
 d - a wand of charming (4)
Scrolls
 h - 4 scrolls of identify {unknown}
 i - a scroll of enchant armour {unknown}
 j - a scroll of holy word {unknown}
 l - a scroll of silence {unknown}
 m - a scroll of noise {unknown}
Potions
 f - a potion of heal wounds
 g - 2 potions of brilliance {unknown}
 k - a potion of attraction {unknown}
Miscellaneous
 e - a piece from Xom's chessboard (15/15)


   Skills:
 + Level 2.4 Fighting
 + Level 2.6 Maces & Flails
 - Level 2.0 Armour
 + Level 2.6 Dodging
 - Level 1.0 Stealth
 + Level 4.2 Evocations


You had 5 spell levels left.
You didn't know any spells.
Your spell library contained the following spells:

 Spells                   Type           Power      Damage    Failure   Level
 Foxfire                  Conj/Fire      0%         2x1d4     36%         1
 Conjure Flame            Conj/Fire      0%         6-21      75%         3
 Inner Flame              Hex/Fire       0%         N/A       75%         3
 Flame Wave               Conj/Fire      0%         2d4       98%         4
 Summon Forest            Summ/Tloc      0%         N/A       100%        5
 Summon Mana Viper        Hex/Summ       0%         N/A       100%        5
 Summon Cactus Giant      Summ           0%         N/A       100%        6


Dungeon Overview and Level Annotations

Branches:
Dungeon (3/15)

Altars:
Hepliaklqana

Shops:
D:2 :

Annotations:
D:2 Terence


Message History

You see here a +0 spear.
There is a stone staircase leading up here.
A gnoll is nearby!
The gnoll shouts!
The gnoll barely misses you.
You hit the gnoll.
The gnoll is lightly wounded.
The gnoll hits you with a +0 flail! The gnoll barely misses you.
You hit the gnoll but do no damage.
The gnoll is lightly wounded.
The gnoll closely misses you.
You barely miss the gnoll.
The gnoll is lightly wounded.
The gnoll barely misses you.
You barely miss the gnoll.
The gnoll is lightly wounded.
The gnoll hits you with a +0 flail.
You hit the gnoll but do no damage.
The gnoll is lightly wounded.
The gnoll hits you with a +0 flail.
You hit the gnoll but do no damage.
The gnoll is lightly wounded.
The gnoll hits you with a +0 flail.
You are too injured to fight recklessly!
You are too injured to fight recklessly!
You hit the gnoll but do no damage.
The gnoll is lightly wounded.
The gnoll closely misses you. The gnoll hits you with a +0 flail!
You completely miss the gnoll.
The gnoll is lightly wounded.
The gnoll hits you with a +0 flail!
* * * LOW HITPOINT WARNING * * *
You hit the gnoll.
The gnoll is moderately wounded.
The gnoll misses you.
There is a stone staircase leading up here.
There is a stone staircase leading up here.
The gnoll closely misses you. The gnoll hits you with a +0 flail!
You die...

.#......########### ##......#
#......# ####### #......#
#.....# #......# #.....#
##......# #.....# ........#
#.....# ........# #.....###
........# #.....@.#
.#......###.....#g#
.........###'#..#.# ....###..#
#.#..#.# #..#...#.# #.#..#.#
#..#.⌠.#.# #.#..#.# #≈≈#...#.#
#.#<.#.# ######## ≈≈≈≈###≈.#
#.#..#.# #......#
≈≈≈≈≈≈≈..###.#.##.#####.####.#


You could see a gnoll.

Vanquished Creatures
  A vampire bat (D:3)
  A scorpion zombie (D:3)
  A gnoll (D:1)
  4 adders (D:3)
  A dart slug (D:1)
  2 ball pythons
  7 bats (D:3)
  3 endoplasms
  4 giant cockroaches
  2 goblins
  4 hobgoblins
  3 jackals (D:2)
  2 quokkas
  4 frilled lizards
  7 kobolds
  3 rats
49 creatures vanquished.

Vanquished Creatures (collateral kills)
  2 orc wizards (D:3)
  A gnoll (D:3)
  2 orcs (D:3)
5 creatures vanquished.

Vanquished Creatures (others)
  2 gnolls (D:3)
  An adder (D:3)
  2 plants (D:1)
5 creatures vanquished.

Grand Total: 59 creatures vanquished

Notes
Turn   | Place    | Note
-------+----------+-------------------------------------------
     0 | D:1      | H0rd4k the Human Artificer began the quest for the Orb.
     0 | D:1      | Reached XP level 1. HP: 15/15 MP: 1/1
   540 | D:1      | Reached XP level 2. HP: 18/21 MP: 2/2
  1245 | D:1      | Reached XP level 3. HP: 11/26 MP: 3/3
  1476 | D:1      | Found a faded altar of an unknown god.
  2023 | D:2      | Reached skill level 1 in Maces & Flails
  2254 | D:2      | Found Fuijar's Book Shoppe.
  2282 | D:2      | Noticed Terence
  2677 | D:2      | Found a hazy altar of Hepliaklqana.
  3073 | D:3      | Reached XP level 4. HP: 11/32 MP: 4/4
  4143 | D:3      | Reached XP level 5. HP: 12/38 MP: 5/5
  4333 | D:3      | Reached skill level 4 in Evocations
  4782 | D:3      | HP: 1/38 [scorpion zombie (7)]
  4795 | D:3      | Reached XP level 6. HP: 3/46 MP: 6/6
  5369 | D:3      | HP: 2/46 [gnoll/+0 flail (12)]
  5412 | D:3      | Slain by a gnoll

Illustrated notes

Levels and vault maps discovered:
D:1:      lemuel_arrival_broad_hall, layout_loops_ring,
          hellmonk_ecumenical_altar_arch_garden, serial_bayou_lake_a
D:2:      layout_basic, basic_altar, serial_shops, shop_statue, uniq_terence
D:3:      layout_basic, roderic_batcave, fountainhead

Skill      XL: |  1  2  3  4  5 |
---------------+----------------+-----
Maces & Flails | 1 2 |  2.6
Fighting       | 2 |  2.4
Dodging        | 2 |  2.6
Evocations     | 4 |  4.2
Armour         | |  2.0
Stealth        | |  1.0

Action                   |  1- 3 |  4- 6 || total
-------------------------+-------+-------++-------
Melee: Club              |   150 |   161 ||   311
       Punch             |     4 |     2 ||     6
Evoke: Wand              |     4 |    22 ||    26
  Use: Potion            |       |     2 ||     2
 Stab: Distracted        |     1 |       ||     1
Armor: Leather armour    |    41 |    75 ||   116
Dodge: Dodged            |    97 |   192 ||   289
